 Dungeon Crawl Stone Soup version 0.30-a0-852-g08b95dd62f (webtiles) character file.

Game seed: 12677571516778382459

46 Firecrotchwizard the Insei (level 3, -1/28 HPs)
             Began as a Djinni Transmuter on Mar 4, 2023.
             Slain by an orc
             ... wielding a +1 whip of electrocution
              (2 damage)
             ... on level 3 of the Dungeon.
             The game lasted 00:06:50 (1654 turns).

Firecrotchwizard the Insei (Djinni Transmuter)      Turns: 1654, Time: 00:06:50

Health: -1/28      AC:  2    Str: 11    XL:     3   Next: 92%
Gold:   118        EV: 12    Int: 14    God:
                   SH:  0    Dex: 13

rFire   + + .      SeeInvis .      - Unarmed
rCold   x . .      Faith    .    (no shield)
rNeg    . . .      Spirit   .    a - +0 robe
rPois   ∞          Reflect  .    (no helmet)
rElec   .          Rampage  .    (no cloak)
rCorr   .                        (no gloves)
Will    .....                    (boots unavailable)
Stlth   +                        (no amulet)
HPRegen 0.24/turn                (no ring)
MPRegen 0.00/turn                (no ring)

@: wereblooded, flying
A: sickness immunity, fire resistance 2, cold vulnerability 1, float, innate
caster, HP casting, extra vitality 1
a: no special abilities


You were on level 3 of the Dungeon.
You visited 1 branch of the dungeon, and saw 3 of its levels.

You collected 118 gold pieces.

Inventory:

Hand Weapons
 e - a +1 dagger of draining
   (You took it off a kobold on level 1 of the Dungeon)
Missiles
 s - 31 stones (quivered)
Armour
 a - a +0 robe (worn)
Scrolls
 d - 3 scrolls of identify {unknown}
 g - 2 scrolls of amnesia {unknown}
 h - 2 scrolls of enchant weapon {unknown}
 i - a scroll of acquirement {unknown}
 j - a scroll of magic mapping {unknown}
 l - a scroll of blinking {unknown}
Potions
 b - a potion of heal wounds {unknown}
 c - 2 potions of curing {unknown}
 k - a potion of brilliance {unknown}
 P - a potion of lignification {!q}


   Skills:
 + Level 2.1 Fighting
 - Level 2.1 Dodging
 + Level 3.5 Unarmed Combat
 + Level 2.1 Spellcasting


You knew the following spells:

 Your Spells              Type           Power      Damage    Failure   Level
a - Beastly Appendage     Tmut           14%        N/A       10%         1
b - Wereblood             Tmut           7%         N/A       14%         2
c - Spider Form           Tmut/Pois      7%         N/A       28%         3
d - Ice Form              Ice/Tmut       7%         N/A       67%         4
s - Slow                  Hex            28%        N/A       10%         1
Your spell library was empty.

Dungeon Overview and Level Annotations

Branches:
Dungeon (3/15)

Altars:

Annotations:
D:2 Sigmund


Innate Abilities, Weirdness & Mutations

You are immune to sickness and miasma.
You are immune to poison.
Your flesh is very heat resistant. (rF++)
You are vulnerable to cold. (rC-)
You float through the air rather than walking.
You learn spells naturally, not from books.
Your magical power is your life essence.
You have superior vitality. (+4 MHP)


Message History

The hobgoblin shouts!
A bat comes into view.
You miscast Beastly Appendage.
You are very lightly contaminated with residual magic.
Nothing appears to happen.
You take 1 damage, and have 27/28 hp.
You punch the bat!
You kill the bat!
Health restored: 28 The rat bites you. The hobgoblin barely misses you.
You take 1 damage, and have 27/28 hp.
Unknown command.
You hit the hobgoblin. You punch the hobgoblin.
The rat bites you but does no damage. The hobgoblin misses you.
A dart slug comes into view.
You hit the hobgoblin.
You kill the hobgoblin!
Your horns disappear.
The rat closely misses you.
You hit the rat.
You kill the rat!
Your magical contamination has completely faded away.
You see here a hobgoblin corpse.
Health restored: 28 You grow a pair of large bovine horns.
You take 1 damage, and have 27/28 hp.
The dart slug launches a dart at you. The slug dart hits you.
You take 3 damage, and have 24/28 hp.
You hit the dart slug. The dart slug bites you.
You hit the dart slug. You hit the dart slug.
The dart slug launches a dart at you. The slug dart misses you.
You hit the dart slug. The dart slug misses you.
You hit the dart slug.
You kill the dart slug!
Your transformation is almost over.
s - 31 stones (gained 5)
Your horns disappear.
l - a scroll labelled DELACU BEUVIO Health restored: 28
c - 2 sedimented grey potions (gained 1)
Found a stone staircase leading up.
You now have 118 gold pieces (gained 6).
A jackal comes into view.
The jackal barks!
A jackal comes into view.
An orc comes into view.
It is wielding a +1 whip of electrocution.
The jackal moves out of view.
You aren't carrying any items that you can evoke.
The orc shouts!
Throw: 2 darts (poison)
Aim: an orc, wielding a +1 whip of electrocution and wearing a +0 leather armour (57% to hit)
You throw a poisoned dart. The poisoned dart hits the orc.
The jackal barks!
Throw: dart (poison)
Aim: an orc, wielding a +1 whip of electrocution and wearing a +0 leather armour (57% to hit)
You throw a poisoned dart. The poisoned dart hits the orc.
You miscast Beastly Appendage.
You are very lightly contaminated with residual magic.
Nothing appears to happen.
You take 1 damage, and have 27/28 hp.
Your blood is infused with primal strength.
A jackal comes into view.
The jackal moves out of view.
You take 2 damage, and have 25/28 hp.
You barely miss the jackal. The jackal bites you. The jackal barely misses you.
You hit the jackal.
The jackal bites you but does no damage.
You completely miss the jackal. The jackal completely misses you.
You barely miss the jackal. The jackal barely misses you.
You hit the orc but do no damage. The jackal barely misses you.
The orc hits you with a +1 whip of electrocution.
You are electrocuted!
Ouch! That really hurt!
* * * LOW HITPOINT WARNING * * *
The jackal completely misses you.
You take 20 damage, and have 5/28 hp.
MASSIVE DAMAGE!!
You closely miss the orc.
The orc hits you with a +1 whip of electrocution.
* * * LOW HITPOINT WARNING * * *
The jackal barely misses you.
Your magical contamination has completely faded away.
You take 2 damage, and have 3/28 hp.
You hit the orc but do no damage. The jackal barely misses you.
The orc barely misses you.
You completely miss the orc. The jackal bites you.
* * * LOW HITPOINT WARNING * * *
The orc barely misses you. The jackal bites you.
* * * LOW HITPOINT WARNING * * *
Unknown command.
You take 2 damage, and have 1/28 hp.
You closely miss the orc. The jackal barely misses you.
The orc closely misses you.
You closely miss the orc. The jackal bites you.
* * * LOW HITPOINT WARNING * * *
The orc hits you with a +1 whip of electrocution.
You die...

...........####.#........
..#.....†.......#........
..###......##...#.........
..........................
...........##...#######...
...........##.............
..........###....#........
..........................
.............o@.........
.......h..........
##.!.......##.....
..<.......# ###.
..........# .(.######...
.(. ..### .. ... ~≈~


You could see an orc and a jackal.

Vanquished Creatures
  A worm (D:2)
  2 dart slugs
  4 bats
  4 endoplasms
  4 goblins
  4 hobgoblins
  4 kobolds
  4 quokkas
  3 ball pythons
  2 frilled lizards
  4 rats
36 creatures vanquished.

Notes
Turn   | Place    | Note
-------+----------+-------------------------------------------
     0 | D:1      | Firecrotchwizard the Djinni Transmuter began the quest for
                  | the Orb.
     0 | D:1      | Firecrotchwizard set off with the following spells
                  | memorised: Beastly Appendage, Wereblood, Spider Form, Ice
                  | Form.
     0 | D:1      | Reached XP level 1. HP: 17/17 MP: 0/0
   200 | D:1      | Reached XP level 2. HP: 16/22 MP: 0/0
   447 | D:1      | Reached XP level 3. HP: 25/28 MP: 0/0
   447 | D:1      | Learned a level 1 spell: Slow
   708 | D:2      | Reached skill level 2 in Spellcasting
   842 | D:2      | Found a faded altar of an unknown god.
   842 | D:2      | Noticed Sigmund
  1104 | D:2      | HP: 4/28 [worm (9)]
  1112 | D:2      | HP: 4/28 [worm (2)]
  1444 | D:2      | Reached skill level 2 in Fighting
  1649 | D:3      | HP: 5/28 [orc/+1 whip of electrocution (16)]
  1652 | D:3      | HP: 2/28 [jackal (1)]
  1654 | D:3      | Slain by an orc

Illustrated notes

Levels and vault maps discovered:
D:1:      dpeg_arrival_shrine, layout_basic
D:2:      layout_basic, shapermc_ecumenical_altar_pompeii, uniq_sigmund
D:3:      lemuel_castle_with_subvaults [lemuel_castle_interior_carwin_2],
          layout_basic, biasface_ghost_orc_armoury, serial_shops,
          nicolae_shop_overgrown_old_shop, nicolae_shop_crystal, shop,
          lightli_corner_chamber

Skill      XL: |  1  2  3 |
---------------+----------+-----
Spellcasting   | 2 |  2.1
Fighting       | 2 |  2.1
Dodging        | |  2.1
Unarmed Combat | |  3.5

Action                     || total
---------------------------++-------
  Melee: Unarmed           ||   111
         Headbutt          ||    16
         Punch             ||     1
  Throw: Dart              ||     2
   Cast: Beastly Appendage ||    30
         Slow              ||     6
         Wereblood         ||     1
   Stab: Distracted        ||     1
 Armour: Robe              ||     9
  Dodge: Dodged            ||    59

Table legend: (Time is in decaauts)
 A = Elapsed time spent in this place.
 B = Non-inter-level travel time spent in this place.
 C = Inter-level travel time spent in this place.
 D = Time resting spent in this place.
 E = Time spent auto-exploring this place.
 F = Levels seen in this place.
 G = Mean time per level.
                   A        B        C        D        E       F      G
               +--------+--------+--------+--------+--------+-----+--------+
         Total |   1646 |   1584 |     62 |    321 |    877 |   3 |  548.7 |
       Dungeon |   1646 |   1584 |     62 |    321 |    877 |   3 |  548.7 |
               +--------+--------+--------+--------+--------+-----+--------+

Top non-repeatable levels by time:
     D:2: 811 daAuts
     D:1: 707 daAuts
     D:3: 127 daAuts

Table legend:
 A = Kills in this place as a percentage of kills in the entire game.
 B = Kills by you in this place as a percentage of kills by you in the entire game.
 C = Kills by friends in this place as a percentage of kills by friends in the entire game.
 D = Other kills in this place as a percentage of other kills in the entire game.
 E = Experience gained in this place as a percentage of experience gained in the entire game.
 F = Experience gained in this place divided by the number of levels of this place that you have seen.
                   A       B       C       D       E      F
               +-------+-------+-------+-------+-------+----------------------
         Total | 100.0 | 100.0 |   N/A |   N/A | 100.0 |  22.0
       Dungeon | 100.0 | 100.0 |   N/A |   N/A | 100.0 |  22.0
               +-------+-------+-------+-------+-------+----------------------
